 Dungeon Crawl Stone Soup version 0.16.1-18-g436b03c (webtiles) character file.

7831 Floorman the Blocker (level 11, -31/89 HPs)
             Began as a Minotaur Berserker on May 9, 2015.
             Was the Champion of Trog.
             Killed from afar by Nergalle (34 damage)
             ... with a bolt of negative energy
             ... on level 10 of the Dungeon.
             The game lasted 00:38:15 (9029 turns).

Floorman the Blocker (Minotaur Berserker)           Turns: 9029, Time: 00:38:15

Health: -31/89     AC: 19    Str: 30    XL:     11   Next: 1%
Magic:  3/4        EV:  6    Int:  4    God:    Trog [******]
Gold:   567        SH: 21    Dex: 14    Spells: 0 memorised, 10 levels left

rFire  . . .     SeeInvis .     F - +5 long sword of Earthquakes {venom, Contam Str+5 Dex+4}
rCold  . . .     Clarity  .     K - +0 plate armour
rNeg   . . .     SustAb   .     g - +2 large shield
rPois  +         Gourm    .     (helmet restricted)
rElec  .         Spirit   .     I - +2 cloak
rCorr  .         Warding  .     l - +2 pair of gloves
rMut   .         Stasis   .     (no boots)
MR     +....                    (no amulet)
Stlth  ..........               N - ring of protection from magic
                                q - ring of poison resistance

@: lethally poisoned (-31 -> -43), exhausted, very slightly contaminated,
hasted, heavily drained, very quick, somewhat resistant to hostile enchantments,
extremely unstealthy
A: retaliatory headbutt, horns 2, frail 1
a: Burn Spellbooks, Berserk, Trog's Hand, Brothers in Arms, Renounce Religion


You were on level 10 of the Dungeon.
You worshipped Trog.
Trog was exalted by your worship.
You were very hungry.

You visited 2 branches of the dungeon, and saw 12 of its levels.

You collected 567 gold pieces.

Inventory:

Hand weapons
 k - a +2 hand axe of venom
 F - the +5 long sword of Earthquakes (weapon) {venom, Contam Str+5 Dex+4}
   (Trog gifted it to you on level 7 of the Dungeon)

   It poisons the flesh of those it strikes.
   It affects your strength (+5).
   It affects your dexterity (+4).
   It causes magical contamination when unequipped.
 O - a +2 scimitar of flaming
 P - a +1 antimagic broad axe
Missiles
 v - 2 javelins of returning (quivered)
 J - 5 silver tomahawks
Armour
 g - a +2 large shield (worn)
 l - a +2 pair of gloves (worn)
 r - a +1 leather armour of fire resistance
 I - a +2 cloak (worn)
 K - a +0 plate armour (worn)
Jewellery
 q - a ring of poison resistance (left hand)
 N - a ring of protection from magic (right hand)
Magical devices
 m - a wand of frost (10)
 n - a wand of magic darts (21)
 s - a wand of slowing (25)
 t - a wand of fireball (2)
 x - a wand of cold (12)
 D - a wand of magic darts (21)
 H - a wand of confusion (0)
 L - a wand of fire (4)
Scrolls
 a - a scroll of fear
 b - 4 scrolls of remove curse
 c - a scroll of recharging
 e - a scroll of fog
 h - 3 scrolls of blinking
 j - 5 scrolls of teleportation
 p - 2 scrolls of magic mapping
 y - 2 scrolls of enchant armour
 M - a scroll of amnesia {unknown}
Potions
 f - a potion of cure mutation
 w - a potion of restore abilities
 A - a potion of agility
 B - a potion of magic
 E - 3 potions of resistance
Comestibles
 d - 3 bread rations
 u - 4 meat rations
 z - 8 slices of pizza
 C - a beef jerky


   Skills:
 * Level 9.9(8.3) Fighting
 * Level 8.3(6.7) Long Blades
 - Level 7.0(5.5) Axes
 + Level 8.6(7.0) Armour
 + Level 4.3(2.9) Dodging
 + Level 1.0(0.0) Stealth
 + Level 11.4(9.7) Shields


You had 10 spell levels left.
You didn't know any spells.

Dungeon Overview and Level Annotations

Branches:
Dungeon (11/15)            Temple (1/1) D:5            Lair (0/8) D:8
    Orc (0/4) D:9

Altars:
Ashenzari
Cheibriados
Dithmenos
Elyvilon
Fedhas
Gozag
Kikubaaqudgha
Makhleb
Nemelex Xobeh
Okawaru
Qazlal
Ru
Sif Muna
Trog
Vehumet
Xom
Yredelemnul
Zin
The Shining One

Shops:
D:4 (

Annotations:
D:10 Nergalle


Innate Abilities, Weirdness & Mutations

You reflexively headbutt those who attack you in melee.
You have a pair of horns on your head.
You are frail (-10% HP).


Message History

Nergalle is almost dead.
* * * LOW HITPOINT WARNING * * *
You feel sick.
You block the spectral orc warrior's attack.
You block the wight's attack.
Nergalle points at you and mumbles some strange words.
Orcish apparitions take form around you.
You block the spectral orc warrior's attack.
The spectral orc warrior hits you but does no damage. x2
The spectral orc warrior hits you with a dire flail.
* * * LOW HITPOINT WARNING * * *
It was a potion of mutation.
You feel extremely strange.
There is a nasty taste in your mouth for a moment.
You feel frail.
You feel an ache in your throat.
* * * LOW HITPOINT WARNING * * *
You feel sick.
You block the spectral orc warrior's attack.
Nergalle gestures at you while chanting.
The bolt of negative energy hits you!
You feel drained.
You die...

......# #.#.......#
......######.#.......#
......'......#..)...[#
......###########'####
##'#### ##Z# #.# #ZZ#
#.# #Z## #.##
######)##### #..#
#....z@oZ..# ###.#
#....ZZZZ..# ###.#####
#.....ZZ...# ........#
#......<...#
###.###...'..........#
#.# ##..........# #.#
..........# #.#
#+####### #.##


You could see Nergalle, a spectral orc, 8 spectral orc warriors, 2 spectral orc
knights and a wight.

Vanquished Creatures
  Erica (D:10)
  The ghost of zackoid the Grappler, an experienced TrWz (D:8)
  Pikel (D:8)
  A hill giant (D:10)
  A fire drake (D:8)
  2 trolls
  A two-headed ogre (D:8)
  5 spectral orcs (D:10)
  A human (D:7)
  3 yaks (D:10)
  A wyvern (D:9)
  2 hippogriffs
  3 ogres
  A sky beast (D:6)
  An ice beast (D:8)
  7 orc warriors
  Sigmund (D:5)
  3 centaurs
  A big kobold (D:10)
  A crocodile (D:9)
  A wyvern zombie (D:7)
  Blork the orc (D:7)
  4 giant frogs
  3 wights (D:10)
  2 scorpions (D:10)
  5 crimson imps
  A centaur zombie (D:7)
  2 goliath beetles
  A giant frog skeleton (D:8)
  4 hounds
  2 jellies
  10 orc priests
  5 iguanas
  5 worker ants
  12 orc wizards
  4 sheep (D:7)
  A hound skeleton (D:8)
  3 gnolls (D:5)
  12 adders
  3 shadow imps
  4 worms
  An adder zombie (D:7)
  5 oozes
  41 orcs
  A bat zombie (D:7)
  2 gnoll zombies (D:3)
  18 goblins
  20 hobgoblins
  2 jackals (D:7)
  6 quokkas
  15 bats
  2 giant cockroaches
  7 giant geckos
  3 giant newts
  2 giant spores (D:9)
  16 kobolds
  8 rats
  A ballistomycete (D:9)
273 creatures vanquished.

Vanquished Creatures (others)
  A slave (D:8)
  An orc wizard (D:8)
  An orc (D:8)
  A giant cockroach (D:8)
  2 kobolds
  A rat (D:8)
7 creatures vanquished.

Grand Total: 280 creatures vanquished

Notes
Turn   | Place    | Note
--------------------------------------------------------------
     0 | D:1      | Floorman, the Minotaur Berserker, began the quest for the Orb.
     0 | D:1      | Reached XP level 1. HP: 19/19 MP: 1/1
    81 | D:2      | Reached skill level 4 in Axes
    81 | D:2      | Reached XP level 2. HP: 4/27 MP: 1/1
   790 | D:1      | Reached XP level 3. HP: 33/33 MP: 2/2
   962 | D:2      | Acquired Trog's second power
  1030 | D:2      | Reached XP level 4. HP: 33/40 MP: 2/2
  1430 | D:2      | Found a glowing golden altar of the Shining One.
  1862 | D:3      | Found a bloodstained altar of Trog.
  1866 | D:3      | Found an iron altar of Okawaru.
  1909 | D:4      | Found Qutsoyso's Antique Weapon Emporium.
  2042 | D:3      | Reached skill level 1 in Shields
  2147 | D:3      | Reached XP level 5. HP: 37/47 MP: 2/2
  2366 | D:3      | Found a basalt altar of Yredelemnul.
  2570 | D:5      | Entered Level 5 of the Dungeon
  2573 | D:4      | Reached skill level 5 in Axes
  2773 | D:5      | Acquired Trog's third power
  2773 | D:5      | Reached XP level 6. HP: 51/53 MP: 3/3
  3142 | D:4      | Noticed an ogre
  3147 | D:4      | Killed an ogre
  3147 | D:4      | Reached skill level 5 in Fighting
  3454 | D:4      | Reached XP level 7. HP: 61/61 MP: 3/3
  4159 | D:5      | Noticed Sigmund
  4173 | D:5      | Killed Sigmund
  4173 | D:5      | Reached skill level 5 in Shields
  4195 | D:5      | Found a staircase to the Ecumenical Temple.
  4228 | Temple   | Entered the Ecumenical Temple
  4809 | D:6      | Reached skill level 6 in Axes
  4809 | D:6      | Reached skill level 5 in Armour
  4814 | D:6      | Reached skill level 1 in Stealth
  4820 | D:6      | Reached XP level 8. HP: 44/70 MP: 3/3
  4990 | D:6      | Found a white marble altar of Elyvilon.
  5526 | D:7      | Reached skill level 7 in Axes
  5593 | D:7      | Noticed Blork the orc
  5605 | D:7      | Killed Blork the orc
  5774 | D:7      | Received a gift from Trog
  5781 | D:7      | Got a warped long sword {god gift}
  5832 | D:7      | Identified the +5 long sword of Earthquakes {venom, Contam Str+5 Dex+4} (Trog gifted it to you on level 7 of the Dungeon)
  6248 | D:7      | Noticed a human
  6255 | D:7      | Killed a human
  6255 | D:7      | Reached skill level 1 in Long Blades
  6265 | D:7      | Reached XP level 9. HP: 42/78 MP: 4/4
  6438 | D:8      | Found a staircase to the Lair.
  6438 | D:8      | Noticed a fire drake
  6445 | D:8      | Killed a fire drake
  6445 | D:8      | Reached skill level 8 in Shields
  6475 | D:8      | Noticed Pikel
  6492 | D:8      | Killed Pikel
  6492 | D:8      | Reached skill level 9 in Shields
  7006 | D:8      | Noticed zackoid's ghost (experienced TrWz)
  7032 | D:9      | Received a gift from Trog
  7088 | D:8      | Killed zackoid's ghost
  7088 | D:8      | Reached skill level 5 in Long Blades
  7311 | D:10     | Entered Level 10 of the Dungeon
  7493 | D:9      | Reached XP level 10. HP: 90/90 MP: 4/4
  7512 | D:9      | Reached skill level 10 in Shields
  7992 | D:9      | Found a staircase to the Orcish Mines.
  8509 | D:10     | Noticed a hill giant
  8511 | D:10     | Noticed Erica
  8521 | D:10     | Killed a hill giant
  8521 | D:10     | Reached skill level 11 in Shields
  8526 | D:10     | Killed Erica
  8563 | D:10     | HP: 3/93 [orc warrior/battleaxe of distortion (14)]
  8796 | D:10     | Gained mutation: Your flesh is cold resistant. [potion of beneficial mutation]
  8797 | D:10     | Lost mutation: Your flesh is cold resistant. [potion of cure mutation]
  8919 | D:10     | Reached XP level 11. HP: 91/99 MP: 4/4
  8923 | D:10     | Received a gift from Trog
  8977 | D:10     | Noticed Nergalle
  9028 | D:10     | HP: 4/99 [spectral orc warrior/dire flail[Nergalle] (3)]
  9029 | D:10     | Gained mutation: You can spit poison. [potion of mutation]
  9029 | D:10     | Gained mutation: You are frail (-10% HP). [potion of mutation]
  9029 | D:10     | Lost mutation: You can spit poison. [potion of mutation]
  9029 | D:10     | Killed from afar by Nergalle

Action                   |  1- 3 |  4- 6 |  7- 9 | 10-12 || total
-------------------------+-------+-------+-------+-------++-------
Melee: Hand axe          |    49 |   176 |   211 |       ||   436
       Long sword        |       |       |   117 |   204 ||   321
Invok: Berserk           |     1 |     1 |     4 |     3 ||     9
       Burn Spellbooks   |       |     1 |     2 |       ||     3
  Use: Scroll            |     4 |     7 |    11 |     4 ||    26
       Potion            |       |     4 |     4 |     9 ||    17
 Stab: Sleeping          |     1 |       |       |       ||     1
  Eat: Bread ration      |     1 |     2 |     4 |       ||     7
       Beef jerky        |       |     1 |     2 |       ||     3
       Pizza             |       |       |     2 |       ||     2
